AoeStats
← tainankadij

Hideout

510165274Analyzed
1v1 RM · 2d ago on Sep 29, 2026· 38m 16s· 2 players
Game mode
Random Map
Map size
Tiny (2 player)
Population
200
Speed
Normal
Resources
Standard
Victory
Conquest
Starting age
Dark Age
Ending age
Imperial Age
RankedLock teamsTeams togetherTeam positionsShared explorationLock speedFull tech treeHidden civsTurbo modeCheats
Victory
Defeat
🇧🇪 Georgians · Belgium
1028
+15
🇮🇩 Burgundians · Indonesia
1012
-15
tainankadij
7:06 Double-Bit Axe
11:31 Feudal Age
9:48 Horse Collar
10:42 Gold Mining
16:38 Castle Age
15:43 Gold Shaft Mining
15:48 Heavy Plow
16:06 Bow Saw
16:23 Heavy Plow
18:08 Scale Barding Armor
18:14 Forging
19:57 Crop Rotation
19:33 Cavalier
21:17 Two-Man Saw
20:09 Cavalier
20:54 Husbandry
21:29 Scale Barding Armor
21:35 Forging
22:11 Wheelbarrow
36:05 Man-at-Arms
36:46 Squires
36:50 Long Swordsman
La-Cassolette
8:47 Feudal Age
9:34 Double-Bit Axe
11:30 Horse Collar
15:57 Gold Mining
16:04 Stone Mining
18:33 Castle Age
18:00 Loom
18:45 Scale Barding Armor
18:51 Forging
21:03 Fervor
22:10 Fletching
23:22 Town Watch
26:41 Wheelbarrow
28:12 Heavy Plow
29:34 Chain Barding Armor
30:02 Murder Holes
29:46 Pikeman
31:21 Scale Mail Armor
33:32 Svan Towers
33:33 Bodkin Arrow
34:14 Iron Casting
33:44 Squires
33:31 Gambesons
35:32 Hand Cart
38:11 Chain Mail Armor
38:11 Arson
Connection lost

Rejoining the realm…

Still unreachable

The connection could not be restored.

Session expired

The server has moved on; the page needs a fresh start.